Map: Abyssal Reef LE

Players

EnlistedReb

  • Race: Zerg Zerg
  • League: Master
  • Spawn Location: 5:00

A.I. 1 (Very Easy) - Winner!

  • Race: Protoss Protoss
  • Spawn Location: 11:00

VOD

Have the link to the VOD?

Description

Time

  • Played on: Oct. 25, 2017, 8:17 p.m.
  • Length: 6:28
Show
View Real Time Build Order
Export as new Build Order

EnlistedReb Zerg 

Build Orders: Hatch First 

Get SALT Encoding   

  12  0:01  Drone  
  13  0:12  Overlord  
  13  0:17  Drone  
  14  0:31  Drone x2  
  14  0:35  Drone  
  17  0:53  Hatchery  
  17  0:55  Drone  
  17  1:00  Drone  
  18  1:09  Extractor  
  17  1:15  Spawning Pool  
  17  1:18  Drone  
  17  1:21  Drone  
  18  1:28  Drone  
  19  1:38  Overlord  
  19  1:49  Drone  
  20  2:00  Drone  
  21  2:02  Queen  
  21  2:05  Queen, Drone  
  26  2:11  Zergling x2  
  26  2:12  Metabolic Boost  
  27  2:16  Zergling x2  
  27  2:22  Drone  
  29  2:26  Drone  
  30  2:32  Drone  
  31  2:42  Hatchery  
  30  2:44  Drone  
  30  2:47  Drone  
  30  2:50  Drone  
  33  2:54  Drone  
  34  2:58  Overlord  
  34  3:05  Drone  
  35  3:09  Drone  
  35  3:10  Overlord  
  36  3:14  Lair  
  36  3:17  Drone  
  37  3:23  Baneling Nest, Drone  
  37  3:25  Drone  
  38  3:27  Drone  
  38  3:29  Drone  
  38  3:32  Drone  
  38  3:33  Drone  
  42  3:36  Drone  
  42  3:38  Drone  
  44  3:41  Spore Crawler  
  44  3:45  Spore Crawler  
  44  3:46  Drone  
  44  3:47  Drone  
  44  3:51  Drone x2  
  44  3:54  Drone  
  47  4:00  Queen  
  49  4:03  Drone  
  49  4:04  Spore Crawler  
  49  4:05  Drone  
  49  4:06  Drone  
  51  4:11  Hydralisk Den  
  51  4:13  Extractor  
  51  4:15  Drone x2  
  51  4:17  Extractor x2, Drone  
  52  4:18  Drone  
  52  4:20  Drone  
  52  4:23  Drone  
  53  4:24  Drone  
  53  4:25  Drone  
  53  4:28  Overlord  
  53  4:31  Drone  
  56  4:32  Drone  
  56  4:34  Overlord  
  57  4:42  Muscular Augments  
  57  4:43  Drone  
  58  4:46  Drone  
  58  4:47  Drone x2  
  58  4:48  Drone  
  58  4:50  Drone  
  63  4:56  Hydralisk x2  
  67  5:02  Hydralisk x2  
  67  5:05  Hydralisk  
  73  5:11  Overlord x2  
  73  5:15  Overlord  
  73  5:29  Hydralisk x5  
  73  5:32  Hydralisk  
  85  5:37  Hydralisk  
  85  5:39  Zergling x6  
  85  5:41  Hydralisk  
  92  5:44  Overlord  
  92  5:46  Hydralisk  
  92  5:49  Zergling x4  
  96  5:51  Hydralisk  
Show
View Real Time Build Order
Export as new Build Order

A.I. 1 (Very Easy) Protoss - Winner!

Build Orders:  

Get SALT Encoding   

  12  0:01  Probe (Chrono Boost)  
  13  0:11  Probe (Chrono Boost)  
  14  0:19  Pylon  
  14  0:36  Assimilator  
  14  0:42  Gateway  
  14  0:45  Pylon  
  14  1:14  Assimilator  
  14  1:26  Zealot  
  14  1:28  Probe (Chrono Boost)  
  17  1:33  Cybernetics Core  
  17  1:39  Probe (Chrono Boost)  
  18  1:50  Probe (Chrono Boost)  
  19  1:58  Warp Gate  
  19  2:00  Probe (Chrono Boost)  
  20  2:12  Probe (Chrono Boost)  
  22  2:23  Probe (Chrono Boost)  
  22  2:36  Stalker  
  24  4:20  Probe (Chrono Boost)  
  24  5:48  Probe (Chrono Boost)  
Tags
 
League
Master
Matchup
PvZ
Spawn Locations
Cross Positions
Add a new tag
Caveats
  • Supply blocks, unpowered buildings, or Contaminate may cause inaccurate times.
  • Supply counts are checked every 10 seconds.